 Dungeon Crawl Stone Soup version 0.31.0-9-g3a7656b989 (webtiles) character file.

Game seed: 4395659934412494008

70 qw the Shooter (level 4, -1/22 HPs)
             Began as a Spriggan Hunter on Feb 3, 2024.
             Succumbed to their own poison gas
             ... on level 2 of the Dungeon.
             The game lasted 00:00:35 (1181 turns).

qw the Shooter (Spriggan Hunter)                    Turns: 1181, Time: 00:00:35

Health: -1/22      AC:  2    Str:  7    XL:     4   Next: 4%
Magic:  5/5        EV: 19    Int: 10    God:
Gold:   10         SH:  0    Dex: 20    Spells: 3/3 levels left

rFire   . . .        a - +0 shortbow (chaos)
rCold   + . .        (shield currently unavailable)
rNeg    . . .        c - +0 robe
rPois   .            (helmet restricted)
rElec   .            (no cloak)
rCorr   +            (gloves unavailable)
SInv    +            (boots unavailable)
Will    .....        (no amulet)
Stlth   ++           h - ring of protection from cold
HPRegen 0.23/turn    g - ring of resist corrosion
MPRegen 0.09/turn

%: no passive effects
@: lethally poisoned (-1 -> -10), very quick
A: very small, no large weapons, unfitting armour, see invisible, speed 3
a: no special abilities


You were on level 2 of the Dungeon.
You visited 1 branch of the dungeon, and saw 2 of its levels.

You collected 100 gold pieces.
You spent 90 gold pieces at shops.


Innate Abilities, Weirdness & Mutations

You are very small and have problems with some larger weapons.
You are too small for most types of armour.
You have supernaturally acute eyesight. (SInv)
You cover ground extremely quickly. (Speed+++)


   Skills:
 - Level 1.5 Fighting
 - Level 5.0 Ranged Weapons
 + Level 4.3 Dodging
 - Level 1.5 Stealth


You had 3 spell levels left.
You didn't know any spells.
Your spell library was empty.

Inventory:

Hand Weapons
 a - a +0 shortbow of chaos (weapon)
Armour
 c - a +0 robe (worn)
Jewellery
 g - a ring of resist corrosion (right hand)
 h - a ring of protection from cold (left hand)
 Y - a ring of positive energy
Scrolls
 i - a scroll of enchant armour
Potions
 b - a potion of curing {unknown}

Dungeon Overview and Level Annotations

Branches:
Dungeon (2/15)

Altars:

Shops:
D:2 ?


Message History

(? for menu, Esc to cancel) < or
h - a ring of protection from cold; > or
Y - a ring of positive energy You remove your ring of positive energy.
g - a ring of resist corrosion (right hand) Done exploring.
1173 ||| READING scroll labelled HUYDOQ GECWEUKUARR.
The air fills with toxic fumes!
As you read the scroll labelled HUYDOQ GECWEUKUARR, it crumbles to dust.
It was a scroll of poison.
Done exploring.
1174 ||| READING scroll labelled TAZIOR ECEAPN.
As you read the scroll labelled TAZIOR ECEAPN, it crumbles to dust.
The air around you briefly surges with heat, but it dissipates.
It was a scroll of immolation.
Done exploring.
1175 ||| READING scroll labelled FASIQU BAAZAM.
As you read the scroll labelled FASIQU BAAZAM, it crumbles to dust.
It is a scroll of amnesia.
You feel forgetful for a moment.
Done exploring.
What level of the Dungeon? (default 2, ? - help) Sorry, I don't know how to get there.
Enter note:
Enter note:
Enter note:
Enter note:
Enter note:
Enter note: You are engulfed in poison gas.
You are lethally poisoned!
You feel very sick.
1177 ||| Stepping ~*~*~tactically~*~*~ (cloud).
You feel very sick.
There is a lethal amount of poison in your body!
You feel very sick.
There is a lethal amount of poison in your body!
You feel very sick.
There is a lethal amount of poison in your body!
You feel very sick.
There is a lethal amount of poison in your body!
You die...

######.## #.#...%.#
#.......... ###
#.#¤¤##.###......####
#.¤¤0¤.......##..#
###0¤##..........#
#00####........#
#00####¤#.######
#0¤0¤00¤¤.#
#0¤¤¤¤0¤#.#
##@######.#
#¤00..|..# ##########


There were no monsters in sight!

Vanquished Creatures
  3 adders (D:2)
  6 bats
  4 endoplasms
  3 goblins
  7 hobgoblins
  7 jackals (D:1)
  2 kobolds (D:1)
  A quokka (D:2)
  2 ball pythons (D:2)
  2 frilled lizards (D:2)
  3 rats (D:1)
40 creatures vanquished.

Notes
Turn   | Place    | Note
-------+----------+-------------------------------------------
     0 | D:1      | qw the Spriggan Hunter began the quest for the Orb.
     0 | D:1      | Reached XP level 1. HP: 10/10 MP: 2/2
     0 | D:1      | 0 ||| qw: Version: 0.3-a-155-g5e7d8dd
     0 | D:1      | 0 ||| qw: Game counter: 3032
     0 | D:1      | 0 ||| qw: Melee chars always use a shield: true
     0 | D:1      | 0 ||| qw: God list: Okawaru
     0 | D:1      | 0 ||| qw: Allow faded altars: false
     0 | D:1      | 0 ||| qw: Do Orc after clearing Dungeon:15 true
     0 | D:1      | 0 ||| qw: Do second Lair branch before Depths: true
     0 | D:1      | 0 ||| qw: Lair rune preference: random
     0 | D:1      | 0 ||| qw: Goals: Normal
     0 | D:1      | 0 ||| PLANNING D:1-11
    24 | D:1      | Reached skill level 3 in Dodging
    59 | D:1      | Reached XP level 2. HP: 14/14 MP: 3/3
   446 | D:1      | Reached XP level 3. HP: 18/18 MP: 4/4
   515 | D:1      | 515 ||| UPGRADING to ring of protection from cold.
   516 | D:1      | 516 ||| READING scroll labelled JUJUIM SIOW.
   617 | D:1      | 617 ||| READING 2 scrolls labelled TILUAKH NOERO.
   617 | D:1      | 617 ||| IDENTIFYING scroll labelled ZIVIC RYINO
   618 | D:1      | 618 ||| READING scroll of identify.
   618 | D:1      | 618 ||| IDENTIFYING scroll labelled NEXZOS YRAUDEO
   619 | D:1      | 619 ||| READING scroll of brand weapon.
   619 | D:1      | 619 ||| BRANDING +0 shortbow.
   620 | D:1      | 620 ||| DROPPING scroll of butterflies.
   621 | D:1      | 621 ||| DROPPING scroll of blinking.
   714 | D:2      | 714 ||| READING scroll of brand weapon.
   714 | D:2      | 714 ||| BRANDING +0 shortbow of draining.
   934 | D:2      | Found Midichironk's Magic Scroll Emporium.
   939 | D:2      | 939 ||| BUYING scroll of enchant armour (90 gold).
   939 | D:2      | Bought a scroll of enchant armour for 90 gold pieces
   939 | D:2      | 939 ||| SHOPLISTING scroll of enchant weapon (90 gold, have
                  | 10).
   939 | D:2      | 939 ||| SHOPLISTING scroll of identify (24 gold, have 10).
   980 | D:2      | Reached skill level 5 in Ranged Weapons
   988 | D:2      | Reached XP level 4. HP: 21/22 MP: 5/5
  1053 | D:2      | Found a faded altar of an unknown god.
  1170 | D:2      | 1170 ||| UPGRADING to ring of positive energy.
  1171 | D:2      | 1171 ||| UPGRADING to ring of resist corrosion.
  1173 | D:2      | 1173 ||| READING scroll labelled HUYDOQ GECWEUKUARR.
  1174 | D:2      | 1174 ||| READING scroll labelled TAZIOR ECEAPN.
  1175 | D:2      | 1175 ||| READING scroll labelled FASIQU BAAZAM.
  1177 | D:2      | 1177 ||| Stepping ~*~*~tactically~*~*~ (cloud).
  1179 | D:2      | HP: 3/22 [poisoned by you (poison gas)]
  1180 | D:2      | HP: 1/22 [poisoned by you (poison gas)]
  1181 | D:2      | Succumbed to their own poison gas

Levels and vault maps discovered:
D:1:      saegor_arrival_simple_d, layout_rooms
D:2:      layout_loops_ring, shapermc_ecumenical_altar_notcrosses, serial_shops,
          nicolae_shop_rolled_up, minmay_tetromino_i2

Skill      XL: |  1  2  3 |
---------------+----------+-----
Dodging        | 3 4 |  4.3
Ranged Weapons | 5 |  5.0
Fighting       | |  1.5
Stealth        | |  1.5

Action                     |  1- 3 |  4- 6 || total
---------------------------+-------+-------++-------
   Fire: Shortbow          |    95 |     5 ||   100
    Use: Scroll            |     5 |     3 ||     8
 Armour: Robe              |     6 |     1 ||     7
  Dodge: Dodged            |    19 |     2 ||    21

Table legend:
 A = Non-vault XP
 B = Vault XP
 C = Vault XP percentage of total XP
 D = Non-vault monster count
 E = Vault monster count
 F = Vault count percentage of total count
                 A         B        C        D         E       F
            +---------+---------+-------+---------+---------+-------
      Total |      98 |       3 |   3.0 |      38 |       2 |   5.0
            +---------+---------+-------+---------+---------+-------
        D:1 |      43 |       0 |   0.0 |      24 |       0 |   0.0
        D:2 |      55 |       3 |   5.2 |      14 |       2 |  12.5
            +---------+---------+-------+---------+---------+-------
